 Dungeon Crawl Stone Soup version 0.25-a0-36-g303dd5b1f4 (webtiles) character file.

Game seed: 5644107930383829052, levelgen mode: deterministic

13001 mortelune the Destroyer (level 11, -3/97 HPs)
             Began as a Green Draconian Conjurer on Oct 20, 2019.
             Was a Follower of Ashenzari.
             Slain by an eight-headed hydra (4 damage)
             ... on level 1 of the Lair of Beasts.
             The game lasted 00:52:02 (20430 turns).

mortelune the Destroyer (Green Draconian Conjurer) Turns: 20430, Time: 00:52:02

Health: -3/97      AC: 10    Str: 15    XL:     11   Next: 69%
Magic:  8/23       EV: 22    Int: 22    God:    Ashenzari [*.....]
Gold:   459        SH:  4    Dex: 18    Spells: 6/26 levels left

rFire    . . .     SeeInvis .   f - +2 whip (drain) (curse)
rCold    . . .     Gourm    .   D - +0 buckler
rNeg     . . .     Faith    .   (armour unavailable)
rPois    +         Spirit   .   (helmet restricted)
rElec    .         Reflect  .   t - +1 cloak (curse)
rCorr    .         Harm     .   (no gloves)
MR       +....                  w - +0 pair of boots
Stlth    +++.......             (no amulet)
HPRegen  0.26/turn              m - ring of wizardry
MPRegen  0.18/turn              j - ring "Ynuruuje" {MR+ Int+4} (curse)

@: mighty, agile, berserk cooldown, slowed, very slow
A: breathe noxious fumes, unfitting armour, poison resistance, cold-blooded, AC
+7
a: Breathe Noxious Fumes, Curse Item, Scrying, Renounce Religion


You were on level 1 of the Lair of Beasts.
You worshipped Ashenzari.
Ashenzari was aware of your devotion.
You were hungry.

You visited 3 branches of the dungeon, and saw 14 of its levels.

You collected 734 gold pieces.
You spent 275 gold pieces at shops.

Inventory:

Hand Weapons
 e - a +0 short sword
 f - a cursed +2 whip of draining (weapon)
 l - a +0 mace
 A - a +5 battleaxe
 K - a cursed +3 flail
Missiles
 C - 6 throwing nets (quivered)
Armour
 q - the +0 cloak of Lugonu's Whim {-Tele rF+ Str+8}
   (You bought it in a shop on level 11 of the Dungeon)

   It affects your strength (+8).
   It protects you from fire.
   It prevents most forms of teleportation.
 t - a cursed +1 cloak (worn)
 w - a +0 pair of boots (worn)
 D - a +0 buckler (worn)
Jewellery
 d - an uncursed ring of protection from cold
 j - the cursed ring "Ynuruuje" (right hand) {MR+ Int+4}
   (You found it on level 4 of the Dungeon)

   [ring of protection from magic]

   It affects your intelligence (+4).
   It affects your resistance to hostile enchantments.
   It has a curse placed upon it.
 m - a ring of wizardry (left hand)
 J - an uncursed amulet of guardian spirit
Wands
 g - a wand of paralysis (15)
 k - a wand of enslavement (3)
 y - a wand of random effects (38)
 B - a wand of iceblast (7)
 F - a wand of disintegration (23)
 O - a wand of digging (6)
Scrolls
 a - a scroll of immolation
 c - 5 scrolls of remove curse
 i - 4 scrolls of enchant weapon
 n - 5 scrolls of identify
 G - a scroll of fog
 H - a scroll of enchant armour
 I - 3 scrolls of holy word
 M - 2 scrolls of teleportation {unknown}
 N - a scroll of amnesia {unknown}
Potions
 h - a potion of ambrosia
 p - 3 potions of lignification
 r - 2 potions of degeneration {unknown}
 s - 4 potions of might
 u - a potion of invisibility {unknown}
 x - 3 potions of flight {unknown}
 z - a potion of curing
 E - a potion of mutation {unknown}
Comestibles
 b - 9 rations


   Skills:
 + Level 9.1 Fighting
 * Level 3.3 Maces & Flails
 + Level 7.9 Dodging
 - Level 1.7 Stealth
 + Level 8.0 Spellcasting
 * Level 12.2 Conjurations


You had 6 spell levels left.
You knew the following spells:

 Your Spells              Type           Power        Failure   Level  Hunger
a - Magic Dart            Conj           ####         1%          1    None
b - Searing Ray           Conj           ######       1%          2    None
c - Dazzling Spray        Conj/Hex       #####.       1%          3    None
d - Iskenderun's Mystic   Conj           ######..     1%          4    ###....
e - Venom Bolt            Conj/Pois      #####.....   12%         5    #####..
q - Iskenderun's Battles  Conj/Chrm      #####...     12%         5    #####..

Your spell library contained the following spells:

 Spells                   Type           Power        Failure   Level  Hunger
 Force Lance              Conj/Tloc      #####...     4%          4    ###....
 Fulminant Prism          Conj/Hex       #####.....   4%          4    ###....
 Bolt of Magma            Conj/Fire/Erth ####......   26%         5    #####..
 Iron Shot                Conj/Erth      #####.....   50%         6    ######.
 Orb of Destruction       Conj           ######....   26%         7    #######
 Spellforged Servitor     Conj/Summ      #####.....   96%         7    #######


Dungeon Overview and Level Annotations

Branches:
Dungeon (11/15)            Temple (1/1) D:7            Lair (2/6) D:11
  Swamp: Lair:2-4    Shoals: Lair:2-4     Snake: Lair:2-4    Spider: Lair:2-4
    Orc: D:9-12

Altars:
Ashenzari
Cheibriados
Dithmenos
Elyvilon
Fedhas
Gozag
Hepliaklqana
Kikubaaqudgha
Makhleb
Nemelex Xobeh
Okawaru
Qazlal
Ru
Sif Muna
Trog
Uskayaw
Vehumet
Wu Jian
Xom
Yredelemnul
Zin
The Shining One

Shops:
D:8 }   D:11 [

Annotations:
D:9 exclusion: obsidian statue


Innate Abilities, Weirdness & Mutations

You can breathe blasts of noxious fumes.
Your lurid green scales are hard. (AC +7)
You cannot fit into any form of body armour.
Your system is resistant to poisons. (rPois)
You are cold-blooded and may be slowed by cold attacks.


Message History

A red film seems to cover your vision as you go berserk!
You feel yourself moving faster!
You feel mighty!
You feel a strong urge to attack something.
You feel your anger nearly subside.
You are no longer berserk.
You are exhausted.
You feel yourself slow down.
Evoke which item? (* to show all) (? for menu, Esc to quit)
Aiming: Disintegrate
Press: ? - help, Shift-Dir - straight line, f/p - eight-headed hydra
Aim: an eight-headed hydra (lightly wounded, chance to defeat MR: 30%)
The eight-headed hydra easily resists.
You feel agile all of a sudden. The eight-headed hydra bites you.
* * * LOW HITPOINT WARNING * * *
The eight-headed hydra barely misses you.
The eight-headed hydra bites you!
* * * LOW HITPOINT WARNING * * *
The eight-headed hydra misses you. The eight-headed hydra bites you.
You die...

........## #.........#
.........## ##.........#
..........## #..........##
...........### #...........#
.............# #...........##
..#....)....### #............#
###...........##
#............###
##.....#.....###............##.
##....#......@D............#..
#............................
###.........#................
#..........................
##.#.......................
##........................
###...............(......
##.....................
#.#...................


You could see an eight-headed hydra.

Vanquished Creatures
  Harold (D:8)
  3 two-headed ogres
  Pikel (D:9)
  Psyche (D:7)
  A black mamba (Lair:1)
  4 spiny frogs (Lair:1)
  A komodo dragon (Lair:1)
  A yaktaur (D:11)
  A troll (D:10)
  Prince Ribbit (D:8)
  A hornet (D:9)
  3 hippogriffs
  A water elemental (D:11)
  2 shadows (D:11)
  7 yaks
  Eustachio (D:5)
  A basilisk (D:11)
  A hungry ghost (D:11)
  Menkaure (D:5)
  4 orc warriors
  3 ice beasts (D:7)
  2 slaves (D:9)
  4 ogres
  2 sky beasts (D:5)
  A necrophage (D:8)
  3 centaurs
  2 crocodiles (D:11)
  3 big kobolds
  5 bullfrogs
  2 gnoll sergeants
  2 scorpions
  3 killer bees (D:8)
  7 wights
  2 electric eels
  2 howler monkeys
  3 crimson imps
  A centaur zombie (D:5)
  10 hounds
  2 jellies
  3 bullfrog zombies
  2 quasits
  2 bullfrog skeletons (D:10)
  4 orc priests
  Ijyb (D:4)
  3 iguanas
  4 orc wizards
  11 worker ants
  2 hound skeletons
  3 worker ant zombies
  8 gnolls
  12 adders
  A river rat (D:6)
  5 shadow imps
  An ooze (D:6)
  An adder zombie (D:6)
  3 adder skeletons
  5 worms
  A dart slug (D:2)
  4 leopard geckos
  20 orcs
  8 ball pythons
  8 bats
  4 giant cockroaches
  8 goblins
  3 hobgoblins
  16 jackals
  31 kobolds
  11 quokkas
  6 frilled lizards
  A jackal skeleton (D:4)
  A jackal zombie (D:8)
  A quokka skeleton (D:9)
  A quokka zombie (D:9)
  8 rats
299 creatures vanquished.

Vanquished Creatures (others)
  A worker ant (D:9)
  A jackal (D:8)
  A plant (D:9)
3 creatures vanquished.

Grand Total: 302 creatures vanquished

Notes
Turn   | Place    | Note
-------+----------+-------------------------------------------
     0 | D:1      | mortelune the Draconian Conjurer began the quest for the
                  | Orb.
     0 | D:1      | Reached XP level 1. HP: 14/14 MP: 3/3
   361 | D:1      | Reached XP level 2. HP: 22/22 MP: 3/5
   365 | D:1      | Learned a level 2 spell: Searing Ray
  1162 | D:2      | Reached skill level 1 in Fighting
  1169 | D:1      | Reached XP level 3. HP: 15/28 MP: 0/6
  1174 | D:1      | Learned a level 3 spell: Dazzling Spray
  2452 | D:3      | Reached XP level 4. HP: 27/35 MP: 0/7
  3605 | D:3      | Reached skill level 5 in Conjurations
  3883 | D:4      | Noticed an ogre
  4022 | D:4      | Reached XP level 5. HP: 37/41 MP: 1/9
  4164 | D:4      | Noticed Ijyb
  4187 | D:4      | Killed Ijyb
  4454 | D:4      | Got a glittering golden ring
  4525 | D:3      | Identified the ring "Ynuruuje" {MR+ Int+4} (You found it on
                  | level 4 of the Dungeon)
  4678 | D:4      | Found a hazy altar of Hepliaklqana.
  4882 | D:4      | Reached XP level 6. HP: 50/50 MP: 6/10
  5018 | D:4      | Found a sparkling altar of Nemelex Xobeh.
  5225 | D:5      | Entered Level 5 of the Dungeon
  5907 | D:5      | Noticed Menkaure
  5921 | D:5      | Killed Menkaure
  5921 | D:5      | Reached skill level 6 in Conjurations
  6304 | D:5      | Your scales start taking on a lurid green colour.
  6304 | D:5      | Reached XP level 7. HP: 57/57 MP: 9/12
  6304 | D:5      | Gained mutation: Your system is resistant to poisons.
                  | (rPois) [Green Draconian growth]
  6310 | D:5      | Learned a level 4 spell: Iskenderun's Mystic Blast
  7191 | D:4      | Reached skill level 7 in Conjurations
  7481 | D:5      | Reached XP level 8. HP: 54/66 MP: 5/14
  7652 | D:6      | Noticed Eustachio
  7699 | D:5      | Killed Eustachio
  7911 | D:6      | Reached skill level 5 in Fighting
  7911 | D:6      | Reached skill level 8 in Conjurations
  7951 | D:6      | Found a basalt altar of Yredelemnul.
  8540 | D:6      | Found a snail-covered altar of Cheibriados.
  8540 | D:6      | Found a white marble altar of Elyvilon.
  8729 | D:7      | Reached skill level 5 in Spellcasting
  9003 | D:7      | Reached skill level 5 in Dodging
  9172 | D:7      | Reached XP level 9. HP: 74/74 MP: 3/16
  9501 | D:7      | Found a staircase to the Ecumenical Temple.
  9520 | Temple   | Entered the Ecumenical Temple
  9742 | Temple   | Became a worshipper of Ashenzari the Shackled
 10171 | D:7      | Reached skill level 9 in Conjurations
 10520 | D:8      | Found a sacrificial altar of Ru.
 10579 | D:8      | Noticed Prince Ribbit
 10589 | D:8      | Killed Prince Ribbit
 10593 | D:8      | Noticed Psyche
 10620 | D:7      | Killed Psyche
 11712 | D:8      | Learned a level 5 spell: Venom Bolt
 11738 | D:8      | Noticed Harold
 11740 | D:8      | Noticed a two-headed ogre
 11755 | D:8      | Killed Harold
 11755 | D:8      | Reached skill level 10 in Conjurations
 11755 | D:8      | Reached XP level 10. HP: 43/86 MP: 2/19
 12157 | D:8      | Found Qoiggaim's Gadget Emporium.
 12413 | D:8      | Killed a two-headed ogre
 12960 | D:9      | Found a glowing golden altar of the Shining One.
 12965 | D:9      | Found a radiant altar of Vehumet.
 13094 | D:9      | Found an opulent altar of Gozag.
 13095 | D:9      | Found a hide-covered altar of Uskayaw.
 13234 | D:9      | Noticed an obsidian statue
 13237 | D:9      | Noticed a rust devil
 13943 | D:9      | Reached * piety under Ashenzari
 13963 | D:9      | Noticed Pikel
 13966 | D:9      | Killed Pikel
 14670 | D:10     | Entered Level 10 of the Dungeon
 14672 | D:10     | Noticed a two-headed ogre
 14690 | D:9      | Paralysed by a hornet for 1 turns
 14937 | D:10     | Killed a two-headed ogre
 14937 | D:10     | Reached skill level 11 in Conjurations
 15796 | D:10     | Noticed a two-headed ogre
 15803 | D:10     | Killed a two-headed ogre
 15803 | D:10     | Reached XP level 11. HP: 90/94 MP: 3/21
 16569 | D:10     | Learned a level 5 spell: Iskenderun's Battlesphere
 17491 | D:11     | Noticed a six-headed hydra
 17536 | D:11     | HP: 2/95 [six-headed hydra (10)]
 18279 | D:11     | Found a staircase to the Lair.
 18826 | D:11     | Found Ralauwauka's Antique Armour Shop.
 18840 | D:11     | Bought a bloodstained cloak for 275 gold pieces
 18840 | D:11     | Identified the +0 cloak of Lugonu's Whim {-Tele rF+ Str+8}
                  | (You bought it in a shop on level 11 of the Dungeon)
 18993 | Lair:1   | Entered Level 1 of the Lair of Beasts
 19003 | Lair:1   | Reached skill level 1 in Maces & Flails
 19304 | Lair:1   | Reached skill level 12 in Conjurations
 20391 | Lair:2   | Noticed an eight-headed hydra
 20430 | Lair:1   | HP: 1/97 [eight-headed hydra (11)]
 20430 | Lair:1   | Slain by an eight-headed hydra

Levels and vault maps discovered:
D:1:      minmay_arrival_hallway, layout_basic, nrook_campfire,
          serial_bayou_pond_e
D:2:      layout_rooms, first_ration
D:3:      layout_basic, kennysheep_decorative_pillar, minmay_shallow_snake_nest
D:4:      minmay_diamond_boxcup, layout_basic, kennysheep_mini_moat,
          kennysheep_flooded_box, nemelex_xobeh_ov_fountains_minmay, uniq_ijyb
D:5:      layout_basic, kennysheep_crisscross, uniq_menkaure
D:6:      layout_cave_pools, gammafunk_temple_overflow_wave,
          gup_sewer_entry_bubbles, basic_altar, uniq_eustachio
D:7:      layout_basic, minmay_temple_entry_stoned_glass
D:8:      layout_basic, nicolae_ru_awakened_eye, serial_shops,
          nicolae_shop_behind_doors, uniq_prince_ribbit1, uniq_psyche,
          uniq_harold
D:9:      kennysheep_kobold_camp, layout_loops_ring,
          nicolae_overflow_hidden_temple, grunt_ogre_cave,
          minmay_protected_statue, uniq_pikel
D:10:     layout_loops_ring, grunt_decor_cap
D:11:     layout_long_grid, david_lair_generic, erik_orc_2, serial_shops, shop,
          kennysheep_mini, shop, minmay_bent
Temple:   minmay_temple_curvy_branch
Lair:1:   layout_hall_layers
Lair:2:   layout_chaotic_city, elwin_shoals_entry_stream,
          nicolae_spider_entry_tight_spaces

Skill      XL: |  1  2  3  4  5  6  7  8  9 10 11 |
---------------+----------------------------------+-----
Dodging        | 2 3 4 5 6 7 |  7.9
Fighting       | 1 2 3 4 5 7 8 9 |  9.1
Conjurations   | 5 6 7 8 10 11 12 | 12.2
Spellcasting   | 3 4 5 6 7 8 |  8.0
Maces & Flails | 3 |  3.3
Stealth        | |  1.7

Action                   |  1- 3 |  4- 6 |  7- 9 | 10-12 || total
-------------------------+-------+-------+-------+-------++-------
Melee: Unarmed           |    29 |       |       |       ||    29
       Tailslap          |     2 |     4 |    16 |    16 ||    38
       Mace              |     2 |       |       |       ||     2
       Whip              |    10 |    39 |   138 |   142 ||   329
 Cast: Magic Dart        |    93 |   127 |   183 |   231 ||   634
       Searing Ray       |     1 |    14 |    25 |    24 ||    64
       Dazzling Spray    |       |     3 |    13 |    28 ||    44
       Iskenderun's Myst |       |       |    26 |    21 ||    47
       Venom Bolt        |       |       |     2 |    43 ||    45
       Iskenderun's Batt |       |       |       |     3 ||     3
Invok: Curse Item        |       |       |     2 |     1 ||     3
 Abil: Breathe Noxious F |       |       |    11 |    11 ||    22
Evoke: Wand              |       |       |     1 |     1 ||     2
  Use: Scroll            |       |     9 |     1 |     4 ||    14
       Potion            |       |     6 |     3 |     8 ||    17
 Stab: Confused          |       |       |     5 |     1 ||     6
       Invisible         |       |       |       |     5 ||     5
  Eat: Chunk             |     6 |    10 |    20 |    19 ||    55
       Ration            |       |     1 |     1 |     7 ||     9
Armor: Skin              |    16 |    32 |    85 |    72 ||   205
Dodge: Dodged            |    50 |    62 |   171 |   290 ||   573
Block: Buckler           |       |       |       |     1 ||     1

Table legend:
 A = Non-vault XP
 B = Vault XP
 C = Vault XP percentage of total XP
 D = Non-vault monster count
 E = Vault monster count
 F = Vault count percentage of total count
                 A         B        C        D         E       F
            +---------+---------+-------+---------+---------+-------
      Total |   13772 |    4801 |  25.8 |     242 |      56 |  18.8
            +---------+---------+-------+---------+---------+-------
        D:1 |      42 |       0 |   0.0 |      19 |       0 |   0.0
        D:2 |      48 |       0 |   0.0 |      18 |       0 |   0.0
        D:3 |      68 |      14 |  17.1 |      24 |       2 |   7.7
        D:4 |     434 |      91 |  17.3 |      15 |       5 |  25.0
        D:5 |     740 |     368 |  33.2 |      26 |       2 |   7.1
        D:6 |     562 |      36 |   6.0 |      15 |       7 |  31.8
        D:7 |    1080 |     469 |  30.3 |      16 |       1 |   5.9
        D:8 |    2315 |    1119 |  32.6 |      37 |       2 |   5.1
        D:9 |     720 |     848 |  54.1 |      12 |      23 |  65.7
       D:10 |    2904 |       0 |   0.0 |      38 |       0 |   0.0
       D:11 |     605 |    1856 |  75.4 |       7 |      14 |  66.7
     Lair:1 |    4161 |       0 |   0.0 |      14 |       0 |   0.0
     Lair:2 |      93 |       0 |   0.0 |       1 |       0 |   0.0
            +---------+---------+-------+---------+---------+-------
